 Dungeon Crawl Stone Soup version 0.28-a0-1613-gdaab1c2f9b (webtiles) character file.

Game seed: 13478925975951210752

502 lonewolfV2 the Covered (level 7, -3/54 HPs)
             Began as a Formicid Fighter on Jan 21, 2022.
             Slain by an ogre (12 damage)
             ... on level 4 of the Dungeon.
             The game lasted 00:05:19 (4287 turns).

lonewolfV2 the Covered (Formicid Fighter)           Turns: 4287, Time: 00:05:20

Health: -3/54      AC:  7    Str: 20 (21) XL:     7   Next: 40%
Magic:  7/7        EV:  9    Int:  4 (7)  God:
Gold:   261        SH:  6    Dex: 11 (12) Spells: 6/6 levels left

rFire   x . .      SeeInvis +   a - +1 war axe (spect)
rCold   + . .      Faith    .   c - +1 buckler
rNeg    . . .      Spirit   .   b - +0 scale mail
rPois   .          Reflect  .   (helmet unavailable)
rElec   .          Harm     .   (no cloak)
rCorr   .          Rampage  .   (no gloves)
Will    .....                   (no boots)
Stlth   ..........              (no amulet)
HPRegen 0.18/turn               g - ring of ice
MPRegen 0.10/turn               (no ring)

@: no status effects
A: permanent stasis, dig shafts and tunnels, antennae 3, four strong arms
a: Dig, Shaft Self


You were on level 4 of the Dungeon.
You visited 1 branch of the dungeon, and saw 4 of its levels.

You collected 261 gold pieces.

Inventory:

Hand Weapons
 a - a +1 spectral war axe (weapon)
Armour
 b - a +0 scale mail (worn)
 c - a +1 buckler (worn)
Jewellery
 g - a ring of ice (left hand)
Wands
 i - a wand of iceblast (11)
Scrolls
 d - a scroll of vulnerability {unknown}
 e - a scroll of silence
 f - a scroll of identify
 k - a scroll of enchant armour


   Skills:
 + Level 4.3 Fighting
 + Level 4.8 Axes
 + Level 5.1 Armour
 + Level 1.3 Dodging
 + Level 1.3 Stealth
 + Level 5.0 Shields


You had 6 spell levels left.
You didn't know any spells.
Your spell library contained the following spells:

 Spells                   Type           Power      Damage    Failure   Level
 Pain                     Necr           0%         1d4       88%         1
 Shock                    Conj/Air       0%         1d3       88%         1
 Airstrike                Air            0%         N/A       100%        4
 Agony                    Necr           0%         N/A       100%        5
 Excruciating Wounds      Necr           0%         N/A       100%        5
 Swiftness                Air            Unusable   N/A       N/A         3

Dungeon Overview and Level Annotations

Branches:
Dungeon (4/15)             Temple (0/1) D:4

Altars:
Gozag
Wu Jian


Innate Abilities, Weirdness & Mutations

You cannot be hasted, slowed, berserked, paralysed or teleported.
You can dig through walls and to a lower floor.
You have a pair of large antennae on your head. (SInv)
Your four strong arms can wield two-handed weapons with a shield.


Message History

You see here a +0 dagger.
You see here a +0 dagger.
You now have 248 gold pieces (gained 11).
Found a pair of boots.
You see here a +0 pair of boots.
You open the door.
Found a stone staircase leading down.
There is an open door here.
There is a stone staircase leading down here.
d - a scroll labelled FEESTY DILE You now have 261 gold pieces (gained 13).
You sense a monster nearby.
A kobold comes into view. It is wielding a +0 short sword.
Found 2 potions of might.
The kobold shouts!
A kobold is nearby!
A kobold is nearby!
A kobold is nearby!
You slash the kobold!
You kill the kobold!
An ogre comes into view. It is wielding a +0 giant club.
The ogre shouts!
Things that are here:
a +0 short sword; a kobold corpse The ogre hits you with a +0 giant club!
You closely miss the ogre.
Your +1 spectral war axe barely misses the ogre.
The ogre completely misses you.
You barely miss the ogre.
Your +1 spectral war axe hits the ogre!
The ogre hits you with a +0 giant club!!
You slash the ogre!
The ogre is almost dead.
Your +1 spectral war axe barely misses the ogre.
The ogre hits you with a +0 giant club!
* * * LOW HITPOINT WARNING * * *
You barely miss the ogre.
The ogre is almost dead.
Your +1 spectral war axe completely misses the ogre.
The ogre hits you with a +0 giant club!
You die...

###.# #......# #.# ###.##.#
##.###############.##.#
##..................##.#
.........#############.#
.......>.# #..........#
#........# #.##########
#........####.##########**
#........##!..).@O......,*
##'####+###......(......,*
#.[# #.# #.............,****
##.###.#
#.............,,,,** #..##.#
#.............,**,,*
##.##.#####+##########****,*
#..#.......# *≈**,*
##....######### *≈**,*
#.....###.)..## **≈≈#,*


You could see an ogre and a friendly +1 spectral war axe (summoned).

Vanquished Creatures
  Menkaure (D:4)
  An orc warrior (D:4)
  A hound (D:4)
  Jessica (D:2)
  An iguana (D:4)
  An orc wizard (D:3)
  A hound skeleton (D:4)
  5 adders
  2 worms
  3 dart slugs
  11 orcs
  5 endoplasms
  3 giant cockroaches
  5 goblins
  9 hobgoblins
  7 jackals (D:1)
  6 quokkas
  6 ball pythons
  7 bats
  4 frilled lizards
  9 kobolds
  7 rats
96 creatures vanquished.

Notes
Turn   | Place    | Note
-------+----------+-------------------------------------------
     0 | D:1      | lonewolfV2 the Formicid Fighter began the quest for the
                  | Orb.
     0 | D:1      | Reached XP level 1. HP: 18/18 MP: 1/1
    18 | D:1      | Reached XP level 2. HP: 17/24 MP: 2/2
   237 | D:1      | Found Xyquroir's Book Boutique.
   395 | D:1      | Reached XP level 3. HP: 28/29 MP: 3/3
   695 | D:1      | Found a faded altar of an unknown god.
  1248 | D:2      | Reached XP level 4. HP: 37/37 MP: 4/4
  1727 | D:2      | Noticed Jessica
  1732 | D:2      | Killed Jessica
  1884 | D:2      | Reached XP level 5. HP: 42/42 MP: 5/5
  2639 | D:3      | Found an ornate altar of the Wu Jian Council.
  2881 | D:4      | Reached XP level 6. HP: 32/48 MP: 6/6
  2881 | D:4      | Found a staircase to the Ecumenical Temple.
  3182 | D:4      | Noticed an orc warrior
  3190 | D:4      | Killed an orc warrior
  3191 | D:4      | Reached skill level 1 in Dodging
  3196 | D:4      | Reached skill level 1 in Stealth
  3317 | D:4      | Found an opulent altar of Gozag.
  3348 | D:4      | Noticed Menkaure
  3361 | D:4      | Killed Menkaure
  3362 | D:4      | Reached skill level 5 in Armour
  3362 | D:4      | Reached skill level 5 in Shields
  3362 | D:4      | Reached XP level 7. HP: 26/54 MP: 7/7
  4287 | D:4      | Slain by an ogre

Illustrated notes

Levels and vault maps discovered:
D:1:      dpeg_arrival_shelter, layout_basic, shapermc_ecumenical_altar_pompeii,
          serial_shops, nicolae_square_shop
D:2:      layout_loops_ring, minmay_pentomino_r2, uniq_jessica
D:3:      layout_rooms, mainiacjoe_overflow_24_doors, grunt_decor_cap,
          minmay_misc_feat_x, serial_park_tiny_1
D:4:      layout_basic, nicolae_gozag_cash_rules_everything_around_me,
          minmay_temple_entry_steel_oval, serial_rivers,
          chequers_serial_rivers_small_3, chequers_serial_rivers_large_b,
          chequers_serial_rivers_small_3, chequers_serial_rivers_marsh,
          chequers_serial_rivers_small_b, chequers_serial_rivers_marsh,
          uniq_menkaure

Skill      XL: |  1  2  3  4  5  6 |
---------------+-------------------+-----
Shields        | 4 5 |  5.0
Armour         | 4 5 |  5.1
Axes           | 3 4 |  4.8
Fighting       | 4 |  4.3
Dodging        | 1 |  1.3
Stealth        | 1 |  1.3

Action                   |  1- 3 |  4- 6 |  7- 9 || total
-------------------------+-------+-------+-------++-------
Melee: War axe           |    67 |   103 |    25 ||   195
  Use: Scroll            |     4 |     4 |     1 ||     9
       Potion            |       |     3 |     3 ||     6
Armor: Scale mail        |    44 |    37 |     5 ||    86
Dodge: Dodged            |    47 |    41 |    17 ||   105
Block: Buckler           |    25 |    41 |     8 ||    74

Table legend: (Time is in decaauts)
 A = Elapsed time spent in this place.
 B = Non-inter-level travel time spent in this place.
 C = Inter-level travel time spent in this place.
 D = Time resting spent in this place.
 E = Time spent auto-exploring this place.
 F = Levels seen in this place.
 G = Mean time per level.
                   A        B        C        D        E       F      G
               +--------+--------+--------+--------+--------+-----+--------+
         Total |   4417 |   4361 |     56 |   1248 |   2214 |   4 | 1104.2 |
       Dungeon |   4417 |   4361 |     56 |   1248 |   2214 |   4 | 1104.2 |
               +--------+--------+--------+--------+--------+-----+--------+

Top non-repeatable levels by time:
     D:4: 1515 daAuts
     D:1: 1178 daAuts
     D:2: 1066 daAuts
     D:3: 656 daAuts
